WASHINGTON Capitals vs NEW YORK Islanders

Created - 3 mars 2024 at 14:48

Goals
1 2 3 T
WASHINGTON Capitals 1 2 1 4
NEW YORK Islanders 1 0 0 1
Shots
1 2 3 T
WASHINGTON Capitals 13 12 19 44
NEW YORK Islanders 7 9 7 23

1st period

1. NEW YORK Islanders , Gustav Nyquist 8 (Pius Suter 15, Lucas Raymond 10) at 8:56
2. WASHINGTON Capitals , William Karlsson 7 (Ian Cole 10, Matt Duchene 14) at 19:06

Penalties :
Gustav Nyquist (NYI) for High sticking (Minor) at 9:55, Ryan Strome (WSH) for Cross-checking (Minor) at 12:55

2nd period

3. WASHINGTON Capitals , Jason Dickinson 7 (Carson Soucy 7) at 1:56
4. WASHINGTON Capitals , Pavel Buchnevich 16 (William Karlsson 31, Kevin Shattenkirk 19) at 18:07 (PP)

Penalties :
Braden Schneider (NYI) for Slashing (Minor) at 3:39, Jesper Fast (NYI) for Holding (Minor) at 8:08, Erik Cernak (NYI) for High sticking (Double Minor) at 17:39

3rd period

5. WASHINGTON Capitals , Brock Boeser 7 (Casey Mittelstadt 5, Carson Soucy 8) at 4:12

Penalties :
Kevin Shattenkirk (WSH) for Interference (Minor) at 6:14, Dillon Dube (NYI) for Delaying the game (Minor) at 15:00

Goalie Stats

Scott Wedgewood (WSH), 22 saves from 23 shots - (0,957), W, 10-13-1, 60:00 minutes
Ilya Sorokin (NYI), 40 saves from 44 shots - (0,909), L, 19-14-2, 60:00 minutes

Players Stats for WASHINGTON Capitals

Player Name              G  A  P  +/- PIM S  H  SB GA TA FO     MP     PP MP  PK MP  
------------------------------------------------------------------------------------
Barrett Hayton           0  0  0  -1  0   1  0  0  0  0  3/7     8:34   0:00   0:00 
Brock Boeser             1  0  1   1  0   7  1  0  0  0  0/0    17:33   4:42   0:00 
Carson Soucy             0  2  2   2  0   1  2  0  0  0  0/0    15:17   0:00   2:00 
Casey Mittelstadt        0  1  1   1  0   1  1  0  0  0  11/17  12:51   0:00   0:00 
Christian Dvorak         0  0  0   1  0   2  0  0  0  0  7/11   10:05   0:00   0:41 
Ian Cole                 0  1  1   0  0   0  2  1  0  0  0/0    17:07   0:00   1:58 
Ivan Barbashev           0  0  0   1  0   4  4  0  0  0  1/2    21:02   5:41   2:30 
Jason Dickinson          1  0  1   1  0   1  1  0  0  0  0/0    10:29   0:00   1:05 
John Carlson             0  0  0   0  0   5  0  1  0  0  0/0    26:00   6:49   1:58 
Kevin Shattenkirk        0  1  1   0  2   0  2  0  0  0  0/0    23:35   6:49   0:00 
Mario Ferraro            0  0  0   2  0   3  2  0  0  0  0/0    18:51   3:34   2:00 
Matt Duchene             0  1  1   1  0   4  2  0  0  0  3/10   20:31   5:41   0:00 
Pavel Buchnevich         1  0  1   1  0   3  5  0  0  0  1/2    20:37   4:42   1:05 
Ross Colton              0  0  0  -1  0   2  3  0  0  0  0/0     8:34   0:00   0:00 
Ryan Strome              0  0  0   1  2   1  2  1  0  0  1/1    15:04   5:41   0:00 
Sam Steel                0  0  0  -1  0   0  0  0  0  0  0/0     8:34   0:00   0:00 
Torey Krug               0  0  0   0  0   3  0  1  0  0  0/0    19:09   3:34   0:00 
William Karlsson         1  1  2   1  0   6  0  0  0  0  20/38  22:07   4:42   2:35 

Players Stats for NEW YORK Islanders

Player Name              G  A  P  +/- PIM S  H  SB GA TA FO     MP     PP MP  PK MP  
------------------------------------------------------------------------------------
Braden Schneider         0  0  0   0  2   0  1  2  0  0  0/0    20:21   2:05   3:33 
Dillon Dube              0  0  0  -1  2   3  3  2  0  0  7/20   17:59   1:45   0:00 
Erik Cernak              0  0  0  -1  4   2  2  3  0  0  0/0    24:57   1:45   4:51 
Ethan Bear               0  0  0  -1  0   0  0  1  0  0  0/0    14:46   2:13   0:00 
Gustav Nyquist           1  0  1   0  2   3  1  0  0  0  1/2    18:16   0:00   5:13 
Ilya Lyubushkin          0  0  0  -1  0   0  1  3  0  0  0/0    17:17   0:00   4:44 
Jacob Trouba             0  0  0  -1  0   0  2  2  0  0  0/0    26:34   1:53   6:19 
Jesper Fast              0  0  0  -1  2   3  0  1  0  0  0/0    13:41   0:00   2:24 
Kirby Dach               0  0  0  -1  0   1  2  0  0  0  6/15   13:35   2:13   0:04 
Lucas Raymond            0  1  1   0  0   4  1  1  0  0  1/1    14:49   1:45   0:00 
Michael McLeod           0  0  0   0  0   0  0  0  0  0  9/11    8:00   0:00   2:58 
Nikolaj Ehlers           0  0  0  -1  0   4  1  0  0  0  1/2    21:14   2:13   2:46 
Nino Niederreiter        0  0  0  -1  0   0  4  0  0  0  0/1    18:00   1:45   0:00 
Pius Suter               0  1  1   0  0   0  1  0  0  0  9/20   15:17   2:13   0:00 
Sean Kuraly              0  0  0   0  0   0  0  0  0  0  6/15   12:23   0:00   7:21 
Sebastian D Aho          0  0  0   0  0   2  4  1  0  0  0/0    16:03   0:00   1:19 
Victor Olofsson          0  0  0  -1  0   1  0  0  0  0  0/0    11:18   0:00   0:00 
Zack Kassian             0  0  0   0  0   0  0  0  0  0  1/1     5:02   0:00   0:00 

3 Stars

1 - Pavel Buchnevich (WSH)
2 - Carson Soucy (WSH)
3 - William Karlsson (WSH)

Power Play

WASHINGTON Capitals - 1 on 6 Attempt(s) - 16,67%
NEW YORK Islanders - 0 on 2 Attempt(s) - 0,00%

Penalty Kill

WASHINGTON Capitals - 2 on 2 Attempt(s) - 100,00% - Score 0 goal in Penalty Kill
NEW YORK Islanders - 5 on 6 Attempt(s) - 83,33% - Score 0 goal in Penalty Kill

Team Stat

WASHINGTON Capitals - Hits : 27 - Faceoff Wins : 47 - Blocked Shots : 4 - Penalty Minutes : 4
NEW YORK Islanders - Hits : 23 - Faceoff Wins : 41 - Blocked Shots : 16 - Penalty Minutes : 12

Official

Referees : MacKenzie Welter and Chris Schlenker
Linesman : Jean-Luc Grand-Pierre and Bevan Mills

Game Notes

No Game Note

Finance

Level 1 -- Attendance: 6000 (100,00%) -- Ticket Income $510,000
Level 2 -- Attendance: 5067 (92,13%) -- Ticket Income $253,350
Level 3 -- Attendance: 2851 (95,03%) -- Ticket Income $71,275
Level 4 -- Attendance: 3551 (71,02%) -- Ticket Income $78,122
Luxury Box -- Attendance: 692 (69,20%) -- Ticket Income $148,780
Game was played at the Barclays Center.
Total Attendance: 18161 (88,59%)
Total Ticket Income: $1,061,527
Other Income: $265,382
Total Income: $1,326,909

WASHINGTON Capitals

5 vs 5 Forward 
   Center                   Left Wing                Right Wing               Time % Phy DF OF 
 1 William Karlsson         Pavel Buchnevich         Matt Duchene             40     1   1  3  
 2 Casey Mittelstadt        Ivan Barbashev           Brock Boeser             30     1   2  2  
 3 Christian Dvorak         Jason Dickinson          Ryan Strome              20     1   2  2  
 4 Barrett Hayton           Ross Colton              Sam Steel                10     3   2  0  

5 vs 5 Defense 
   Defense                  Defense                                           Time % Phy DF OF 
 1 John Carlson             Kevin Shattenkirk                                 40     0   4  1  
 2 Ian Cole                 Torey Krug                                        30     0   4  1  
 3 Mario Ferraro            Carson Soucy                                      20     1   3  1  
 4 Torey Krug               John Carlson                                      10     0   4  1  

PowerPlay Forward 
   Center                   Left Wing                Right Wing               Time % Phy DF OF 
 1 William Karlsson         Pavel Buchnevich         Brock Boeser             60     1   0  4  
 2 Matt Duchene             Ivan Barbashev           Ryan Strome              40     1   0  4  

PowerPlay Defense
   Defense                  Defense                                           Time % Phy DF OF 
 1 John Carlson             Kevin Shattenkirk                                 70     0   1  4  
 2 Mario Ferraro            Torey Krug                                        30     0   1  4  

Penalty Kill 4 Players Forward 
   Center                   Wing                     Time % Phy DF OF 
 1 William Karlsson         Ivan Barbashev           60     1   4  0  
 2 Jason Dickinson          Pavel Buchnevich         40     1   4  0  

Penalty Kill 4 Players Defense
   Defense                  Defense                  Time % Phy DF OF 
 1 John Carlson             Ian Cole                 60     0   5  0  
 2 Mario Ferraro            Carson Soucy             40     0   5  0  

Penalty Kill - 3 Players Forward 
   Forward                                           Time % Phy DF OF 
 1 William Karlsson                                  60     0   5  0  
 2 Jason Dickinson                                   40     0   5  0  

Penalty Kill - 3 Players Defense
   Defense                  Defense                  Time % Phy DF OF 
 1 Ian Cole                 Mario Ferraro            60     0   5  0  
 2 John Carlson             Carson Soucy             40     0   5  0  

4 vs 4 Forward 
   Center                   Wing                     Time % Phy DF OF 
 1 William Karlsson         Pavel Buchnevich         60     1   2  2  
 2 Matt Duchene             Brock Boeser             40     1   2  2  

4 vs 4 Defense
   Defense                  Defense                  Time % Phy DF OF 
 1 John Carlson             Kevin Shattenkirk        60     1   2  2  
 2 Mario Ferraro            Torey Krug               40     1   2  2  

Last Minutes Offensive
   Center                   Left Wing                Right Wing               Defense                  Defense                  
   Matt Duchene             Pavel Buchnevich         Brock Boeser             John Carlson             Kevin Shattenkirk        

Last Minutes Defensive
   Center                   Left Wing                Right Wing               Defense                  Defense                  
   William Karlsson         Jason Dickinson          Pavel Buchnevich         John Carlson             Mario Ferraro            

Goaltenders
Starting : Scott Wedgewood          
Backup : Chris Driedger           

Extra Forwards
Normal : Pavel Buchnevich, Matt Duchene, William Karlsson - PP : William Karlsson, Brock Boeser - PK : Christian Dvorak
Extra Defensemen
Normal : Carson Soucy, Kevin Shattenkirk, Mario Ferraro - PP : John Carlson - PK : Ian Cole, Torey Krug
Penalty Shots
Matt Duchene, Pavel Buchnevich, Ivan Barbashev, William Karlsson, Ross Colton

Scratches
Matt Grzelcyk (Healthy)

NEW YORK Islanders

5 vs 5 Forward 
   Center                   Left Wing                Right Wing               Time % Phy DF OF 
 1 Dillon Dube              Nino Niederreiter        Nikolaj Ehlers           40     1   2  2  
 2 Pius Suter               Gustav Nyquist           Lucas Raymond            30     1   2  2  
 3 Kirby Dach               Victor Olofsson          Jesper Fast              20     1   2  2  
 4 Michael McLeod           Sean Kuraly              Zack Kassian             10     1   2  2  

5 vs 5 Defense 
   Defense                  Defense                                           Time % Phy DF OF 
 1 Jacob Trouba             Erik Cernak                                       40     1   2  2  
 2 Sebastian D Aho          Braden Schneider                                  30     1   2  2  
 3 Ilya Lyubushkin          Ethan Bear                                        20     1   2  2  
 4 Erik Cernak              Jacob Trouba                                      10     1   2  2  

PowerPlay Forward 
   Center                   Left Wing                Right Wing               Time % Phy DF OF 
 1 Dillon Dube              Lucas Raymond            Nino Niederreiter        70     1   2  2  
 2 Pius Suter               Nikolaj Ehlers           Kirby Dach               30     1   2  2  

PowerPlay Defense
   Defense                  Defense                                           Time % Phy DF OF 
 1 Jacob Trouba             Erik Cernak                                       60     1   2  2  
 2 Ethan Bear               Braden Schneider                                  40     1   2  2  

Penalty Kill 4 Players Forward 
   Center                   Wing                     Time % Phy DF OF 
 1 Sean Kuraly              Gustav Nyquist           60     1   2  2  
 2 Michael McLeod           Jesper Fast              40     1   2  2  

Penalty Kill 4 Players Defense
   Defense                  Defense                  Time % Phy DF OF 
 1 Jacob Trouba             Erik Cernak              60     1   2  2  
 2 Braden Schneider         Ilya Lyubushkin          40     1   2  2  

Penalty Kill - 3 Players Forward 
   Forward                                           Time % Phy DF OF 
 1 Pius Suter                                        60     1   2  2  
 2 Sean Kuraly                                       40     1   2  2  

Penalty Kill - 3 Players Defense
   Defense                  Defense                  Time % Phy DF OF 
 1 Jacob Trouba             Erik Cernak              60     1   2  2  
 2 Ilya Lyubushkin          Sebastian D Aho          40     1   2  2  

4 vs 4 Forward 
   Center                   Wing                     Time % Phy DF OF 
 1 Kirby Dach               Nino Niederreiter        60     1   2  2  
 2 Pius Suter               Victor Olofsson          40     1   2  2  

4 vs 4 Defense
   Defense                  Defense                  Time % Phy DF OF 
 1 Jacob Trouba             Erik Cernak              60     1   2  2  
 2 Ilya Lyubushkin          Braden Schneider         40     1   2  2  

Last Minutes Offensive
   Center                   Left Wing                Right Wing               Defense                  Defense                  
   Dillon Dube              Nino Niederreiter        Nikolaj Ehlers           Jacob Trouba             Erik Cernak              

Last Minutes Defensive
   Center                   Left Wing                Right Wing               Defense                  Defense                  
   Pius Suter               Nino Niederreiter        Lucas Raymond            Jacob Trouba             Erik Cernak              

Goaltenders
Starting : Ilya Sorokin             
Backup : Anton Khudobin           

Extra Forwards
Normal : Nikolaj Ehlers, Kirby Dach, Lucas Raymond - PP : Nikolaj Ehlers, Kirby Dach - PK : Sean Kuraly
Extra Defensemen
Normal : Ethan Bear, Jacob Trouba, Braden Schneider - PP : Ethan Bear - PK : Erik Cernak, Sebastian D Aho
Penalty Shots
Nino Niederreiter, Lucas Raymond, Kirby Dach, Nikolaj Ehlers, Victor Olofsson

Scratches
Adam Ruzicka (Healthy), Brett Connolly (Healthy), Jay Beagle (Healthy)

% Time on Ice - WASHINGTON Capitals

Lines # - Real PCT - Wanted PCT - Time Play
Normal Forward
1 - 32% - 40% - 14:50
2 - 28% - 30% - 12:51
3 - 21% - 20% - 9:24
4 - 19% - 10% - 8:34
Normal Defense
1 - 37% - 40% - 16:47
2 - 33% - 30% - 15:09
3 - 29% - 20% - 13:17
4 - 1% - 10% - 0:26
PP Forward
1 - 45% - 60% - 4:42
2 - 55% - 40% - 5:41
PP Defense
1 - 66% - 70% - 6:49
2 - 34% - 30% - 3:34
PK Forward
1 - 73% - 60% - 2:53
2 - 27% - 40% - 1:05
PK Defense
1 - 50% - 60% - 1:58
2 - 50% - 40% - 2:00
PK3 Forward
1 - 0% - 60%
2 - 0% - 40%
PK3 Defense
1 - 0% - 60%
2 - 0% - 40%
44 Forward
1 - 0% - 60%
2 - 0% - 40%
44 Defense
1 - 0% - 60%
2 - 0% - 40%
Last Minute Offensive  - 0:00
Last Minute Defensive  - 0:00
Total
Forward - 60:00
Defense - 60:00

% Time on Ice - NEW YORK Islanders

Lines # - Real PCT - Wanted PCT - Time Play
Normal Forward
1 - 36% - 40% - 16:15
2 - 29% - 30% - 13:04
3 - 25% - 20% - 11:18
4 - 11% - 10% - 5:02
Normal Defense
1 - 39% - 40% - 17:50
2 - 32% - 30% - 14:44
3 - 27% - 20% - 12:33
4 - 1% - 10% - 0:32
PP Forward
1 - 44% - 70% - 1:45
2 - 56% - 30% - 2:13
PP Defense
1 - 44% - 60% - 1:45
2 - 56% - 40% - 2:13
PK Forward
1 - 71% - 60% - 7:25
2 - 29% - 40% - 2:58
PK Defense
1 - 54% - 60% - 5:39
2 - 46% - 40% - 4:44
PK3 Forward
1 - 0% - 60%
2 - 0% - 40%
PK3 Defense
1 - 0% - 60%
2 - 0% - 40%
44 Forward
1 - 0% - 60%
2 - 0% - 40%
44 Defense
1 - 0% - 60%
2 - 0% - 40%
Last Minute Offensive  - 0:00
Last Minute Defensive  - 0:00
Total
Forward - 60:00
Defense - 60:00

Play-by-Play

1st period


0:01 of 1st period - Dillon Dube wins face-off versus William Karlsson in neutral zone.
0:10 of 1st period - Shot by Nikolaj Ehlers.
0:10 of 1st period - Deflect By Dillon Dube.
0:10 of 1st period - Stopped by Scott Wedgewood without a rebound.
0:11 of 1st period - Pius Suter wins face-off versus Casey Mittelstadt in WASHINGTON Capitals zone.
1:13 of 1st period - Icing by Erik Cernak.
1:14 of 1st period - Christian Dvorak wins face-off versus Dillon Dube in NEW YORK Islanders zone.
1:17 of 1st period - Shot by Ryan Strome.
1:17 of 1st period - Shot Misses the Net.
1:28 of 1st period - Icing by Mario Ferraro.
1:29 of 1st period - Christian Dvorak wins face-off versus Kirby Dach in WASHINGTON Capitals zone.
1:29 of 1st period - Christian Dvorak is hit by Kirby Dach.
1:46 of 1st period - Icing by Ilya Lyubushkin.
1:47 of 1st period - William Karlsson wins face-off versus Kirby Dach in NEW YORK Islanders zone.
1:50 of 1st period - Shot by Matt Duchene.
1:50 of 1st period - Stopped by Ilya Sorokin with a rebound.
1:52 of 1st period - Shot by Kevin Shattenkirk.
1:52 of 1st period - Shot Misses the Net.
2:26 of 1st period - Shot by William Karlsson.
2:26 of 1st period - Shot Misses the Net.
2:50 of 1st period - Shot by Ross Colton.
2:50 of 1st period - Stopped by Ilya Sorokin without a rebound.
2:51 of 1st period - Christian Dvorak wins face-off versus Dillon Dube in NEW YORK Islanders zone.
4:06 of 1st period - Off-side.
4:07 of 1st period - Pius Suter wins face-off versus William Karlsson in neutral zone.
4:34 of 1st period - Shot by Gustav Nyquist.
4:34 of 1st period - Stopped by Scott Wedgewood with a rebound.
6:45 of 1st period - Off-side.
6:46 of 1st period - Kirby Dach wins face-off versus William Karlsson in neutral zone.
7:22 of 1st period - Shot by William Karlsson.
7:22 of 1st period - Stopped by Ilya Sorokin with a rebound.
7:41 of 1st period - Carson Soucy is hit by Braden Schneider and loses puck.
7:46 of 1st period - Shot by Carson Soucy.
7:46 of 1st period - Stopped by Ilya Sorokin without a rebound.
7:47 of 1st period - Barrett Hayton wins face-off versus Dillon Dube in NEW YORK Islanders zone.
7:50 of 1st period - Shot by Ross Colton.
7:50 of 1st period - Shot Misses the Net.
7:56 of 1st period - Sam Steel is hit by Nino Niederreiter and loses puck.
8:48 of 1st period - Lucas Raymond is hit by Ian Cole.
8:54 of 1st period - Shot by Lucas Raymond.
8:54 of 1st period - Deflect By Pius Suter.
8:54 of 1st period - Shot Misses the Net.
8:56 of 1st period - Shot by Gustav Nyquist.
8:56 of 1st period - Goal by Gustav Nyquist - WASHINGTON Capitals : 0 - NEW YORK Islanders : 1.
8:57 of 1st period - Michael McLeod wins face-off versus William Karlsson in neutral zone.
9:21 of 1st period - Shot by William Karlsson.
9:21 of 1st period - Stopped by Ilya Sorokin without a rebound.
9:22 of 1st period - Casey Mittelstadt wins face-off versus Pius Suter in NEW YORK Islanders zone.
9:23 of 1st period - Shot by Ivan Barbashev.
9:23 of 1st period - Stopped by Ilya Sorokin without a rebound.
9:24 of 1st period - Gustav Nyquist wins face-off versus Casey Mittelstadt in NEW YORK Islanders zone.
9:55 of 1st period - Minor Penalty to Gustav Nyquist for High sticking.
9:56 of 1st period - Sean Kuraly wins face-off versus William Karlsson in NEW YORK Islanders zone.
10:02 of 1st period - Icing by William Karlsson.
10:03 of 1st period - Pavel Buchnevich wins face-off versus Sean Kuraly in WASHINGTON Capitals zone.
10:22 of 1st period - Shot by Brock Boeser.
10:22 of 1st period - Stopped by Ilya Sorokin with a rebound.
10:24 of 1st period - Shot by John Carlson.
10:24 of 1st period - Shot Blocked by Ilya Lyubushkin.
10:26 of 1st period - Shot by Brock Boeser.
10:26 of 1st period - Stopped by Ilya Sorokin without a rebound.
10:27 of 1st period - Sean Kuraly wins face-off versus Matt Duchene in NEW YORK Islanders zone.
10:27 of 1st period - Sean Kuraly is hit by Ryan Strome.
10:37 of 1st period - Shot by Torey Krug.
10:37 of 1st period - Stopped by Ilya Sorokin without a rebound.
10:38 of 1st period - Ryan Strome wins face-off versus Sean Kuraly in NEW YORK Islanders zone.
10:43 of 1st period - Shot by Kevin Shattenkirk.
10:43 of 1st period - Shot Hit the Post.
10:49 of 1st period - Shot by Ryan Strome.
10:49 of 1st period - Shot Blocked by Jacob Trouba.
10:57 of 1st period - Shot by Ryan Strome.
10:57 of 1st period - Shot Blocked by Erik Cernak.
12:43 of 1st period - Christian Dvorak is hit by Gustav Nyquist and loses puck.
12:55 of 1st period - Minor Penalty to Ryan Strome for Cross-checking.
12:56 of 1st period - William Karlsson wins face-off versus Dillon Dube in WASHINGTON Capitals zone.
13:04 of 1st period - Lucas Raymond is hit by Ivan Barbashev and loses puck.
13:15 of 1st period - Shot by Jacob Trouba.
13:15 of 1st period - Shot Misses the Net.
13:46 of 1st period - Shot by Nikolaj Ehlers.
13:46 of 1st period - Stopped by Scott Wedgewood without a rebound.
13:47 of 1st period - William Karlsson wins face-off versus Pius Suter in WASHINGTON Capitals zone.
13:53 of 1st period - Icing by Kirby Dach.
13:54 of 1st period - William Karlsson wins face-off versus Pius Suter in NEW YORK Islanders zone.
14:55 of 1st period - Shot by Lucas Raymond.
14:55 of 1st period - Stopped by Scott Wedgewood without a rebound.
14:56 of 1st period - Michael McLeod wins face-off versus Christian Dvorak in WASHINGTON Capitals zone.
15:05 of 1st period - Shot by Erik Cernak.
15:05 of 1st period - Stopped by Scott Wedgewood without a rebound.
15:06 of 1st period - Zack Kassian wins face-off versus Christian Dvorak in WASHINGTON Capitals zone.
16:18 of 1st period - Shot by Matt Duchene.
16:18 of 1st period - Stopped by Ilya Sorokin with a rebound.
16:23 of 1st period - Pavel Buchnevich is hit by Erik Cernak and loses puck.
16:32 of 1st period - Shot by William Karlsson.
16:32 of 1st period - Stopped by Ilya Sorokin without a rebound.
16:33 of 1st period - Ivan Barbashev wins face-off versus Nikolaj Ehlers in NEW YORK Islanders zone.
16:43 of 1st period - Casey Mittelstadt is hit by Sebastian D Aho and loses puck.
16:56 of 1st period - Shot by Nikolaj Ehlers.
16:56 of 1st period - Shot Hit the Post.
16:58 of 1st period - Shot by Nikolaj Ehlers.
16:58 of 1st period - Shot Misses the Net.
17:03 of 1st period - Nino Niederreiter is hit by Mario Ferraro and loses puck.
17:08 of 1st period - Shot by Dillon Dube.
17:08 of 1st period - Stopped by Scott Wedgewood with a rebound.
17:42 of 1st period - Jason Dickinson is hit by Pius Suter and loses puck.
18:37 of 1st period - Ethan Bear is hit by Pavel Buchnevich and loses puck.
19:06 of 1st period - Shot by William Karlsson.
19:06 of 1st period - Goal by William Karlsson - WASHINGTON Capitals : 1 - NEW YORK Islanders : 1.
19:07 of 1st period - Casey Mittelstadt wins face-off versus Dillon Dube in neutral zone.
19:10 of 1st period - Shot by Mario Ferraro.
19:10 of 1st period - Shot Misses the Net.
19:12 of 1st period - Shot by Carson Soucy.
19:12 of 1st period - Shot Blocked by Dillon Dube.
19:24 of 1st period - Shot by Brock Boeser.
19:24 of 1st period - Stopped by Ilya Sorokin without a rebound.
19:25 of 1st period - Kirby Dach wins face-off versus Barrett Hayton in NEW YORK Islanders zone.
19:25 of 1st period - Kirby Dach is hit by Ross Colton.
19:34 of 1st period - Barrett Hayton is hit by Kirby Dach and loses puck.
Goals for this period are 1 for WASHINGTON Capitals vs 1 for NEW YORK Islanders.
Shots for this period are 13 for WASHINGTON Capitals vs 7 for NEW YORK Islanders.

2nd period


0:01 of 2nd period - William Karlsson wins face-off versus Nino Niederreiter in neutral zone.
0:35 of 2nd period - Shot by Dillon Dube.
0:35 of 2nd period - Stopped by Scott Wedgewood with a rebound.
0:52 of 2nd period - Off-side.
0:53 of 2nd period - Casey Mittelstadt wins face-off versus Kirby Dach in neutral zone.
1:09 of 2nd period - Victor Olofsson is hit by Ian Cole.
1:17 of 2nd period - Shot by Jesper Fast.
1:17 of 2nd period - Stopped by Scott Wedgewood with a rebound.
1:19 of 2nd period - Shot by Jesper Fast.
1:19 of 2nd period - Stopped by Scott Wedgewood with a rebound.
1:21 of 2nd period - Shot by Kirby Dach.
1:21 of 2nd period - Stopped by Scott Wedgewood with a rebound.
1:23 of 2nd period - Shot by Jesper Fast.
1:23 of 2nd period - Shot Blocked by Ian Cole.
1:25 of 2nd period - Shot by Kirby Dach.
1:25 of 2nd period - Shot Misses the Net.
1:27 of 2nd period - Shot by Sebastian D Aho.
1:27 of 2nd period - Stopped by Scott Wedgewood without a rebound.
1:28 of 2nd period - Pius Suter wins face-off versus Christian Dvorak in WASHINGTON Capitals zone.
1:35 of 2nd period - Shot by Pius Suter.
1:35 of 2nd period - Shot Misses the Net.
1:42 of 2nd period - Icing by Carson Soucy.
1:43 of 2nd period - Dillon Dube wins face-off versus Christian Dvorak in WASHINGTON Capitals zone.
1:43 of 2nd period - Nino Niederreiter is hit by Mario Ferraro and loses puck.
1:50 of 2nd period - Erik Cernak is hit by Jason Dickinson.
1:56 of 2nd period - Shot by Jason Dickinson.
1:56 of 2nd period - Goal by Jason Dickinson - WASHINGTON Capitals : 2 - NEW YORK Islanders : 1.
1:57 of 2nd period - Lucas Raymond wins face-off versus Pavel Buchnevich in neutral zone.
2:00 of 2nd period - Shot by Braden Schneider.
2:00 of 2nd period - Deflect By Pius Suter.
2:00 of 2nd period - Shot Misses the Net.
2:02 of 2nd period - Shot by Gustav Nyquist.
2:02 of 2nd period - Shot Misses the Net.
2:04 of 2nd period - Shot by Sebastian D Aho.
2:04 of 2nd period - Stopped by Scott Wedgewood without a rebound.
2:05 of 2nd period - Dillon Dube wins face-off versus William Karlsson in WASHINGTON Capitals zone.
2:41 of 2nd period - Shot by John Carlson.
2:41 of 2nd period - Stopped by Ilya Sorokin without a rebound.
2:42 of 2nd period - Casey Mittelstadt wins face-off versus Pius Suter in NEW YORK Islanders zone.
2:49 of 2nd period - Shot by Ivan Barbashev.
2:49 of 2nd period - Shot Blocked by Lucas Raymond.
2:51 of 2nd period - Shot by Casey Mittelstadt.
2:51 of 2nd period - Shot Blocked by Sebastian D Aho.
2:53 of 2nd period - Shot by Casey Mittelstadt.
2:53 of 2nd period - Shot Misses the Net.
2:55 of 2nd period - Shot by Torey Krug.
2:55 of 2nd period - Stopped by Ilya Sorokin with a rebound.
3:38 of 2nd period - Shot by Carson Soucy.
3:38 of 2nd period - Shot Misses the Net.
3:39 of 2nd period - Minor Penalty to Braden Schneider for Slashing.
3:40 of 2nd period - Sean Kuraly wins face-off versus William Karlsson in NEW YORK Islanders zone.
4:52 of 2nd period - Shot by Mario Ferraro.
4:52 of 2nd period - Stopped by Ilya Sorokin without a rebound.
4:53 of 2nd period - Michael McLeod wins face-off versus Matt Duchene in NEW YORK Islanders zone.
5:06 of 2nd period - Erik Cernak is hit by Ivan Barbashev and loses puck.
6:23 of 2nd period - Icing by Mario Ferraro.
6:24 of 2nd period - Dillon Dube wins face-off versus Barrett Hayton in WASHINGTON Capitals zone.
6:35 of 2nd period - Carson Soucy is hit by Nino Niederreiter and loses puck.
7:12 of 2nd period - Dillon Dube is hit by Matt Duchene and loses puck.
7:30 of 2nd period - Icing by Ian Cole.
7:31 of 2nd period - William Karlsson wins face-off versus Pius Suter in WASHINGTON Capitals zone.
7:53 of 2nd period - Off-side.
7:54 of 2nd period - Casey Mittelstadt wins face-off versus Kirby Dach in neutral zone.
8:08 of 2nd period - Minor Penalty to Jesper Fast for Holding.
8:09 of 2nd period - William Karlsson wins face-off versus Sean Kuraly in NEW YORK Islanders zone.
8:21 of 2nd period - Icing by Kevin Shattenkirk.
8:22 of 2nd period - William Karlsson wins face-off versus Sean Kuraly in WASHINGTON Capitals zone.
8:27 of 2nd period - Shot by John Carlson.
8:27 of 2nd period - Stopped by Ilya Sorokin without a rebound.
8:28 of 2nd period - Sean Kuraly wins face-off versus Matt Duchene in NEW YORK Islanders zone.
8:28 of 2nd period - Sean Kuraly is hit by Ivan Barbashev.
8:58 of 2nd period - Shot by Matt Duchene.
8:58 of 2nd period - Stopped by Ilya Sorokin without a rebound.
8:59 of 2nd period - William Karlsson wins face-off versus Sean Kuraly in NEW YORK Islanders zone.
9:02 of 2nd period - Shot by Pavel Buchnevich.
9:02 of 2nd period - Shot Misses the Net.
9:04 of 2nd period - Shot by Mario Ferraro.
9:04 of 2nd period - Shot Misses the Net.
9:06 of 2nd period - Shot by William Karlsson.
9:06 of 2nd period - Shot Misses the Net.
9:08 of 2nd period - Shot by William Karlsson.
9:08 of 2nd period - Shot Misses the Net.
9:16 of 2nd period - Shot by Brock Boeser.
9:16 of 2nd period - Stopped by Ilya Sorokin without a rebound.
9:17 of 2nd period - Michael McLeod wins face-off versus Matt Duchene in NEW YORK Islanders zone.
9:56 of 2nd period - Shot by Matt Duchene.
9:56 of 2nd period - Shot Misses the Net.
10:11 of 2nd period - Icing by Ian Cole.
10:12 of 2nd period - Kirby Dach wins face-off versus Barrett Hayton in WASHINGTON Capitals zone.
11:45 of 2nd period - Matt Duchene is hit by Sebastian D Aho and loses puck.
12:23 of 2nd period - Shot by Brock Boeser.
12:23 of 2nd period - Shot Blocked by Ethan Bear.
12:46 of 2nd period - John Carlson is hit by Ilya Lyubushkin and loses puck.
12:59 of 2nd period - Ethan Bear is hit by Casey Mittelstadt and loses puck.
13:44 of 2nd period - Shot by Jesper Fast.
13:44 of 2nd period - Shot Blocked by Torey Krug.
13:48 of 2nd period - Shot by Victor Olofsson.
13:48 of 2nd period - Deflect By Kirby Dach.
13:48 of 2nd period - Shot Misses the Net.
13:50 of 2nd period - Shot by Erik Cernak.
13:50 of 2nd period - Shot Blocked by Ryan Strome.
13:54 of 2nd period - Shot by Jesper Fast.
13:54 of 2nd period - Stopped by Scott Wedgewood with a rebound.
13:56 of 2nd period - Shot by Erik Cernak.
13:56 of 2nd period - Stopped by Scott Wedgewood without a rebound.
13:57 of 2nd period - Barrett Hayton wins face-off versus Dillon Dube in WASHINGTON Capitals zone.
13:57 of 2nd period - Barrett Hayton is hit by Nikolaj Ehlers.
14:00 of 2nd period - Mario Ferraro is hit by Nino Niederreiter.
14:02 of 2nd period - Shot by Ross Colton.
14:02 of 2nd period - Shot Misses the Net.
14:04 of 2nd period - Shot by Mario Ferraro.
14:04 of 2nd period - Stopped by Ilya Sorokin without a rebound.
14:05 of 2nd period - Dillon Dube wins face-off versus William Karlsson in NEW YORK Islanders zone.
14:05 of 2nd period - Dillon Dube is hit by Pavel Buchnevich.
14:25 of 2nd period - Off-side.
14:26 of 2nd period - Kirby Dach wins face-off versus Casey Mittelstadt in neutral zone.
14:43 of 2nd period - Jesper Fast is hit by Ivan Barbashev and loses puck.
15:26 of 2nd period - Kirby Dach is hit by Matt Duchene and loses puck.
15:46 of 2nd period - Matt Duchene is hit by Sebastian D Aho and loses puck.
15:52 of 2nd period - William Karlsson is hit by Sebastian D Aho.
16:25 of 2nd period - Carson Soucy is hit by Nino Niederreiter and loses puck.
16:58 of 2nd period - Pius Suter is hit by Carson Soucy and loses puck.
17:09 of 2nd period - Shot by Gustav Nyquist.
17:09 of 2nd period - Stopped by Scott Wedgewood without a rebound.
17:10 of 2nd period - Casey Mittelstadt wins face-off versus Michael McLeod in WASHINGTON Capitals zone.
17:12 of 2nd period - Icing by Ivan Barbashev.
17:13 of 2nd period - Michael McLeod wins face-off versus Casey Mittelstadt in WASHINGTON Capitals zone.
17:30 of 2nd period - Shot by Sean Kuraly.
17:30 of 2nd period - Shot Misses the Net.
17:39 of 2nd period - Double Minor Penalty to Erik Cernak for High sticking.
17:40 of 2nd period - William Karlsson wins face-off versus Sean Kuraly in NEW YORK Islanders zone.
18:07 of 2nd period - Shot by William Karlsson.
18:07 of 2nd period - Deflect By Pavel Buchnevich.
18:07 of 2nd period - Goal by Pavel Buchnevich - WASHINGTON Capitals : 3 - NEW YORK Islanders : 1.
18:08 of 2nd period - Michael McLeod wins face-off versus Matt Duchene in neutral zone.
19:16 of 2nd period - Shot by Brock Boeser.
19:16 of 2nd period - Shot Misses the Net.
19:18 of 2nd period - Shot by Pavel Buchnevich.
19:18 of 2nd period - Shot Blocked by Braden Schneider.
19:20 of 2nd period - Shot by Brock Boeser.
19:20 of 2nd period - Stopped by Ilya Sorokin with a rebound.
19:22 of 2nd period - Shot by Pavel Buchnevich.
19:22 of 2nd period - Shot Misses the Net.
19:24 of 2nd period - Shot by Pavel Buchnevich.
19:24 of 2nd period - Shot Blocked by Ilya Lyubushkin.
19:26 of 2nd period - Shot by Pavel Buchnevich.
19:26 of 2nd period - Stopped by Ilya Sorokin without a rebound.
19:27 of 2nd period - Kirby Dach wins face-off versus William Karlsson in NEW YORK Islanders zone.
19:38 of 2nd period - Shot by Sean Kuraly.
19:38 of 2nd period - Shot Misses the Net.
19:46 of 2nd period - Shot by William Karlsson.
19:46 of 2nd period - Shot Misses the Net.
19:48 of 2nd period - Shot by John Carlson.
19:48 of 2nd period - Shot Misses the Net.
19:50 of 2nd period - Shot by Pavel Buchnevich.
19:50 of 2nd period - Stopped by Ilya Sorokin without a rebound.
19:51 of 2nd period - Michael McLeod wins face-off versus Matt Duchene in NEW YORK Islanders zone.
Goals for this period are 2 for WASHINGTON Capitals vs 0 for NEW YORK Islanders.
Shots for this period are 12 for WASHINGTON Capitals vs 9 for NEW YORK Islanders.

3rd period


0:01 of 3rd period - William Karlsson wins face-off versus Sean Kuraly in neutral zone.
0:12 of 3rd period - Shot by Jason Dickinson.
0:12 of 3rd period - Deflect By Ryan Strome.
0:12 of 3rd period - Shot Misses the Net.
0:34 of 3rd period - Shot by Nikolaj Ehlers.
0:34 of 3rd period - Stopped by Scott Wedgewood without a rebound.
0:35 of 3rd period - Pius Suter wins face-off versus William Karlsson in WASHINGTON Capitals zone.
0:38 of 3rd period - Shot by Lucas Raymond.
0:38 of 3rd period - Stopped by Scott Wedgewood without a rebound.
0:39 of 3rd period - William Karlsson wins face-off versus Pius Suter in WASHINGTON Capitals zone.
0:43 of 3rd period - John Carlson is hit by Jacob Trouba and loses puck.
0:46 of 3rd period - Shot by William Karlsson.
0:46 of 3rd period - Stopped by Ilya Sorokin without a rebound.
0:47 of 3rd period - William Karlsson wins face-off versus Dillon Dube in NEW YORK Islanders zone.
1:16 of 3rd period - Shot by Nikolaj Ehlers.
1:16 of 3rd period - Stopped by Scott Wedgewood without a rebound.
1:17 of 3rd period - Casey Mittelstadt wins face-off versus Pius Suter in WASHINGTON Capitals zone.
2:20 of 3rd period - Icing by John Carlson.
2:21 of 3rd period - William Karlsson wins face-off versus Dillon Dube in WASHINGTON Capitals zone.
2:28 of 3rd period - Shot by John Carlson.
2:28 of 3rd period - Stopped by Ilya Sorokin without a rebound.
2:29 of 3rd period - Christian Dvorak wins face-off versus Dillon Dube in NEW YORK Islanders zone.
2:46 of 3rd period - Shot by Christian Dvorak.
2:46 of 3rd period - Stopped by Ilya Sorokin with a rebound.
2:55 of 3rd period - Ryan Strome is hit by Erik Cernak and loses puck.
3:39 of 3rd period - Off-side.
3:40 of 3rd period - William Karlsson wins face-off versus Pius Suter in neutral zone.
3:50 of 3rd period - Off-side.
3:51 of 3rd period - Casey Mittelstadt wins face-off versus Kirby Dach in neutral zone.
4:12 of 3rd period - Shot by Brock Boeser.
4:12 of 3rd period - Goal by Brock Boeser - WASHINGTON Capitals : 4 - NEW YORK Islanders : 1.
4:13 of 3rd period - Pius Suter wins face-off versus William Karlsson in neutral zone.
4:15 of 3rd period - Off-side.
4:16 of 3rd period - Pius Suter wins face-off versus William Karlsson in neutral zone.
4:18 of 3rd period - Sebastian D Aho is hit by Pavel Buchnevich and loses puck.
4:33 of 3rd period - Shot by Lucas Raymond.
4:33 of 3rd period - Stopped by Scott Wedgewood without a rebound.
4:34 of 3rd period - Dillon Dube wins face-off versus Casey Mittelstadt in WASHINGTON Capitals zone.
4:53 of 3rd period - Shot by Dillon Dube.
4:53 of 3rd period - Shot Misses the Net.
5:10 of 3rd period - Dillon Dube is hit by Carson Soucy and loses puck.
5:37 of 3rd period - Shot by Matt Duchene.
5:37 of 3rd period - Stopped by Ilya Sorokin without a rebound.
5:38 of 3rd period - William Karlsson wins face-off versus Kirby Dach in NEW YORK Islanders zone.
5:57 of 3rd period - Shot by Jesper Fast.
5:57 of 3rd period - Shot Blocked by John Carlson.
6:14 of 3rd period - Minor Penalty to Kevin Shattenkirk for Interference.
6:15 of 3rd period - William Karlsson wins face-off versus Dillon Dube in WASHINGTON Capitals zone.
6:15 of 3rd period - William Karlsson is hit by Dillon Dube.
7:24 of 3rd period - Shot by Pius Suter.
7:24 of 3rd period - Deflect By Nikolaj Ehlers.
7:24 of 3rd period - Stopped by Scott Wedgewood without a rebound.
7:25 of 3rd period - Pius Suter wins face-off versus William Karlsson in WASHINGTON Capitals zone.
7:36 of 3rd period - Shot by William Karlsson.
7:36 of 3rd period - Shot Blocked by Braden Schneider.
7:42 of 3rd period - Shot by Christian Dvorak.
7:42 of 3rd period - Shot Misses the Net.
8:04 of 3rd period - Icing by Braden Schneider.
8:05 of 3rd period - Pius Suter wins face-off versus Ivan Barbashev in NEW YORK Islanders zone.
8:34 of 3rd period - Off-side.
8:35 of 3rd period - Christian Dvorak wins face-off versus Dillon Dube in neutral zone.
8:40 of 3rd period - Nino Niederreiter is hit by Ryan Strome and loses puck.
8:53 of 3rd period - Jason Dickinson is hit by Dillon Dube.
9:11 of 3rd period - Shot by Ryan Strome.
9:11 of 3rd period - Deflect By Christian Dvorak.
9:11 of 3rd period - Shot Misses the Net.
10:01 of 3rd period - Icing by Erik Cernak.
10:02 of 3rd period - Dillon Dube wins face-off versus William Karlsson in NEW YORK Islanders zone.
10:22 of 3rd period - Shot by William Karlsson.
10:22 of 3rd period - Shot Misses the Net.
10:24 of 3rd period - Shot by Torey Krug.
10:24 of 3rd period - Stopped by Ilya Sorokin without a rebound.
10:25 of 3rd period - Kirby Dach wins face-off versus Barrett Hayton in NEW YORK Islanders zone.
10:38 of 3rd period - Shot by Ross Colton.
10:38 of 3rd period - Deflect By Barrett Hayton.
10:38 of 3rd period - Stopped by Ilya Sorokin with a rebound.
10:50 of 3rd period - Ilya Lyubushkin is hit by Ross Colton.
11:05 of 3rd period - Victor Olofsson is hit by Kevin Shattenkirk and loses puck.
11:19 of 3rd period - Off-side.
11:20 of 3rd period - William Karlsson wins face-off versus Gustav Nyquist in neutral zone.
11:23 of 3rd period - Pius Suter is hit by Pavel Buchnevich and loses puck.
11:32 of 3rd period - Shot by Lucas Raymond.
11:32 of 3rd period - Stopped by Scott Wedgewood without a rebound.
11:33 of 3rd period - Michael McLeod wins face-off versus Casey Mittelstadt in WASHINGTON Capitals zone.
11:46 of 3rd period - Shot by Ivan Barbashev.
11:46 of 3rd period - Stopped by Ilya Sorokin with a rebound.
12:39 of 3rd period - Icing by Mario Ferraro.
12:40 of 3rd period - Casey Mittelstadt wins face-off versus Kirby Dach in WASHINGTON Capitals zone.
12:59 of 3rd period - Shot by Erik Cernak.
12:59 of 3rd period - Deflect By Victor Olofsson.
12:59 of 3rd period - Stopped by Scott Wedgewood without a rebound.
13:00 of 3rd period - Nikolaj Ehlers wins face-off versus William Karlsson in WASHINGTON Capitals zone.
13:02 of 3rd period - Dillon Dube is hit by Kevin Shattenkirk and loses puck.
13:23 of 3rd period - Shot by William Karlsson.
13:23 of 3rd period - Shot Blocked by Dillon Dube.
13:52 of 3rd period - Off-side.
13:53 of 3rd period - Christian Dvorak wins face-off versus Pius Suter in neutral zone.
13:56 of 3rd period - Shot by Torey Krug.
13:56 of 3rd period - Shot Blocked by Jacob Trouba.
14:04 of 3rd period - Shot by Jason Dickinson.
14:04 of 3rd period - Shot Blocked by Erik Cernak.
14:12 of 3rd period - Shot by Christian Dvorak.
14:12 of 3rd period - Stopped by Ilya Sorokin without a rebound.
14:13 of 3rd period - Barrett Hayton wins face-off versus Kirby Dach in NEW YORK Islanders zone.
14:16 of 3rd period - Shot by Ross Colton.
14:16 of 3rd period - Stopped by Ilya Sorokin without a rebound.
14:17 of 3rd period - Christian Dvorak wins face-off versus Pius Suter in NEW YORK Islanders zone.
14:20 of 3rd period - Shot by Ryan Strome.
14:20 of 3rd period - Stopped by Ilya Sorokin without a rebound.
14:21 of 3rd period - Pius Suter wins face-off versus William Karlsson in NEW YORK Islanders zone.
14:35 of 3rd period - Icing by Kevin Shattenkirk.
14:36 of 3rd period - Matt Duchene wins face-off versus Dillon Dube in WASHINGTON Capitals zone.
14:38 of 3rd period - William Karlsson is hit by Dillon Dube and loses puck.
15:00 of 3rd period - Minor Penalty to Dillon Dube for Delaying the game.
15:01 of 3rd period - Matt Duchene wins face-off versus Sean Kuraly in NEW YORK Islanders zone.
15:11 of 3rd period - Ivan Barbashev is hit by Jacob Trouba and loses puck.
15:18 of 3rd period - Shot by Ivan Barbashev.
15:18 of 3rd period - Deflect By Ryan Strome.
15:18 of 3rd period - Shot Misses the Net.
15:20 of 3rd period - Shot by Matt Duchene.
15:20 of 3rd period - Shot Blocked by Erik Cernak.
15:22 of 3rd period - Shot by Torey Krug.
15:22 of 3rd period - Shot Misses the Net.
15:24 of 3rd period - Shot by Ivan Barbashev.
15:24 of 3rd period - Stopped by Ilya Sorokin with a rebound.
15:26 of 3rd period - Shot by Ryan Strome.
15:26 of 3rd period - Shot Misses the Net.
15:51 of 3rd period - Icing by Kevin Shattenkirk.
15:52 of 3rd period - William Karlsson wins face-off versus Michael McLeod in WASHINGTON Capitals zone.
15:59 of 3rd period - Michael McLeod is hit by Brock Boeser and loses puck.
16:12 of 3rd period - Shot by Pavel Buchnevich.
16:12 of 3rd period - Shot Hit the Post.
16:14 of 3rd period - Shot by John Carlson.
16:14 of 3rd period - Stopped by Ilya Sorokin without a rebound.
16:15 of 3rd period - Sean Kuraly wins face-off versus William Karlsson in NEW YORK Islanders zone.
16:15 of 3rd period - Sean Kuraly is hit by Pavel Buchnevich.
16:31 of 3rd period - Shot by William Karlsson.
16:31 of 3rd period - Shot Blocked by Ilya Lyubushkin.
16:33 of 3rd period - Shot by John Carlson.
16:33 of 3rd period - Stopped by Ilya Sorokin without a rebound.
16:34 of 3rd period - Matt Duchene wins face-off versus Sean Kuraly in NEW YORK Islanders zone.
16:35 of 3rd period - Shot by Mario Ferraro.
16:35 of 3rd period - Stopped by Ilya Sorokin without a rebound.
16:36 of 3rd period - Sean Kuraly wins face-off versus Matt Duchene in NEW YORK Islanders zone.
16:57 of 3rd period - Shot by Ivan Barbashev.
16:57 of 3rd period - Stopped by Ilya Sorokin without a rebound.
16:58 of 3rd period - Michael McLeod wins face-off versus William Karlsson in NEW YORK Islanders zone.
17:25 of 3rd period - Jesper Fast is hit by Ross Colton and loses puck.
17:42 of 3rd period - Shot by Jesper Fast.
17:42 of 3rd period - Shot Misses the Net.
17:44 of 3rd period - Shot by Kirby Dach.
17:44 of 3rd period - Shot Misses the Net.
18:24 of 3rd period - Shot by William Karlsson.
18:24 of 3rd period - Stopped by Ilya Sorokin without a rebound.
18:25 of 3rd period - Casey Mittelstadt wins face-off versus Pius Suter in NEW YORK Islanders zone.
18:47 of 3rd period - Brock Boeser is hit by Lucas Raymond and loses puck.
18:58 of 3rd period - Shot by Brock Boeser.
18:58 of 3rd period - Stopped by Ilya Sorokin without a rebound.
18:59 of 3rd period - William Karlsson wins face-off versus Kirby Dach in NEW YORK Islanders zone.
19:02 of 3rd period - Shot by Matt Duchene.
19:02 of 3rd period - Shot Blocked by Jesper Fast.
19:50 of 3rd period - Off-side.
19:51 of 3rd period - Casey Mittelstadt wins face-off versus Dillon Dube in neutral zone.
19:56 of 3rd period - Shot by Casey Mittelstadt.
19:56 of 3rd period - Stopped by Ilya Sorokin with a rebound.
19:58 of 3rd period - Shot by Brock Boeser.
19:58 of 3rd period - Shot Misses the Net.
Goals for this period are 1 for WASHINGTON Capitals vs 0 for NEW YORK Islanders.
Shots for this period are 19 for WASHINGTON Capitals vs 7 for NEW YORK Islanders. Output by the SimonT Hockey Simulator (STHS) for Martin Benoit - Original Page W3C HTML5 Valid
Hockey Simulator - Hockey Simulation - Hockey Manager